 Dungeon Crawl Stone Soup version 0.26.1-11-gd32895ea62 (webtiles) character file.

Game seed: 11605450355707987612

589 DildoBatman the Conjurer (level 7, 0/50 HPs)
             Began as a Formicid Conjurer on May 17, 2021.
             Slain by a worker ant (4 damage)
             ... on level 4 of the Dungeon.
             The game lasted 00:11:19 (3957 turns).

DildoBatman the Conjurer (Formicid Conjurer)        Turns: 3957, Time: 00:11:20

Health: 0/50       AC:  5    Str: 11    XL:     7   Next: 65%
Magic:  8/14       EV: 12    Int: 20    God:
Gold:   188        SH:  0    Dex:  9    Spells: 13/16 levels left

rFire    . . .     SeeInvis +   a - +0 long sword
rCold    . . .     Faith    .   (no shield)
rNeg     . . .     Spirit   .   E - +0 robe
rPois    .         Reflect  .   (helmet unavailable)
rElec    .         Harm     .   c - +2 cloak
rCorr    .         Rampage  .   (no gloves)
Will     .....                  (no boots)
Stlth    ++........             j - amulet of the acrobat
HPRegen  0.16/turn              (no ring)
MPRegen  0.14/turn              (no ring)

@: invisible
A: permanent stasis, dig shafts and tunnels, four strong arms, antennae 3
a: Dig, Shaft Self


You were on level 4 of the Dungeon.
You visited 1 branch of the dungeon, and saw 5 of its levels.

You collected 188 gold pieces.

Inventory:

Hand Weapons
 a - a +0 long sword (weapon)
 b - a +0 trident
Missiles
 h - 6 javelins
 s - 27 poisoned darts
 w - 28 arrows
 B - 91 stones
 C - 2 boomerangs of dispersal
 D - 25 bolts
 F - 4 boomerangs
Armour
 c - a +2 cloak (worn)
 A - a +0 scale mail of fire resistance
 E - a +0 robe (worn)
Jewellery
 j - an amulet of the acrobat (around neck)
Scrolls
 d - a scroll of enchant weapon {unknown}
 m - a scroll of amnesia
 p - a scroll of fear
 t - a scroll of fog
 v - 2 scrolls of immolation
 x - 3 scrolls of remove curse
Potions
 f - a potion of brilliance {unknown}
 i - 2 potions of lignification {unknown}
 k - a potion of invisibility
 l - 2 potions of attraction {unknown}
 n - a potion of magic {unknown}
 q - 3 potions of curing {unknown}
 r - a potion of might {unknown}
 G - a potion of resistance {unknown}
 H - 2 potions of heal wounds {unknown}


   Skills:
 - Level 2.0 Fighting
 - Level 2.0 Armour
 - Level 1.7 Dodging
 - Level 2.4 Stealth
 * Level 5.2 Spellcasting
 - Level 6.0 Conjurations


You had 13 spell levels left.
You knew the following spells:

 Your Spells              Type           Power        Failure   Level
a - Searing Ray           Conj           58%          1%          2
c - Magic Dart            Conj           100%         1%          1

Your spell library contained the following spells:

 Spells                   Type           Power        Failure   Level
 Dazzling Flash           Conj/Hex       34%          10%         3
 Fulminant Prism          Conj/Hex       8%           32%         4
 Iskenderun's Mystic Bla  Conj/Tloc      17%          32%         4


Dungeon Overview and Level Annotations

Branches:
Dungeon (5/15)
 Temple: D:4-7

Altars:
Cheibriados
Qazlal
Wu Jian
Xom

Shops:
D:4 [

Annotations:
D:1 exclusion: phantom
D:2 1 exclusion
D:3 exclusion: phantom
D:4 exclusions: diamond obelisk and 1 more exclusion
D:5 exclusions: centaur and hound


Innate Abilities, Weirdness & Mutations

You cannot be hasted, slowed, berserked, paralysed or teleported.
You can dig through walls and to a lower floor.
Your four strong arms can wield two-handed weapons with a shield.
You have a pair of large antennae on your head. (SInv)


Message History

The worker ant bites you.
Found a rapier.
There is a stone staircase leading up here.
The worker ant bites you but does no damage.
The ogre hits you with a +0 giant spiked club!!
Ouch! That really hurt!
The worker ant bites you.
You climb upwards.
Level annotation: exclusions: diamond obelisk and 1 more exclusion
There is a stone staircase leading down here.
You extend your mandibles.
You dig through the rock wall.
The worker ant closely misses you.
You riposte.
You closely miss the worker ant.
The worker ant is heavily wounded.
You dig through the rock wall.
You fade into invisibility!
The worker ant bites you.
You die...

##.#.....##.######
############.###.....##......
#........##.## ##..........#.
#........###.###.....##.#..#.
#..####..####.#.....###......
#..#...............## ####..#
#..#.##..######...## #.#.
#..#.##..# #####.## #.##
#........###@# #.# #.##
#........##B## #.# #.#
####......>O.###'## ##.#
#.......###.##...## #..#
#.#####.#####.....## #.##
#.#.........#......## #..##
#.#.###.###.#.......####...#
#.#.###.###.#...............
#.#.##...##.#........###....


You could see an ogre and a worker ant.

Vanquished Creatures
  3 ogres
  A howler monkey (D:4)
  A hound (D:4)
  A bullfrog zombie (D:5)
  An orc priest (D:3)
  2 worker ants (D:4)
  A hound skeleton (D:4)
  6 adders
  A white imp (D:5)
  An ooze (D:1)
  An adder skeleton (D:4)
  2 worms
  3 leopard geckos
  10 orcs
  2 giant cockroaches
  5 hobgoblins
  A quokka (D:4)
  11 bats
  4 frilled lizards
  8 goblins
  7 kobolds
  11 rats
83 creatures vanquished.

Notes
Turn   | Place    | Note
-------+----------+-------------------------------------------
     0 | D:1      | DildoBatman the Formicid Conjurer began the quest for the
                  | Orb.
     0 | D:1      | Reached XP level 1. HP: 13/13 MP: 3/3
   441 | D:1      | Reached skill level 4 in Conjurations
   441 | D:1      | Reached XP level 2. HP: 15/19 MP: 1/5
   544 | D:1      | Learned a level 2 spell: Searing Ray
   917 | D:1      | Reached XP level 3. HP: 24/24 MP: 0/6
  1190 | D:2      | Found an ornate altar of the Wu Jian Council.
  1504 | D:2      | Reached XP level 4. HP: 23/31 MP: 1/7
  1618 | D:2      | Reached skill level 1 in Fighting
  1647 | D:2      | Reached skill level 1 in Armour
  1891 | D:3      | Noticed a phantom
  2213 | D:3      | Found a snail-covered altar of Cheibriados.
  2255 | D:3      | Reached XP level 5. HP: 37/37 MP: 4/9
  2866 | D:4      | Found Itupsigo's Antique Armour Shoppe.
  2872 | D:4      | Reached skill level 5 in Conjurations
  2968 | D:4      | Reached XP level 6. HP: 44/44 MP: 6/11
  2982 | D:4      | Found a shimmering altar of Xom.
  3113 | D:4      | Noticed a phantom
  3372 | D:4      | Found a stormy altar of Qazlal.
  3500 | D:4      | Noticed an ogre
  3504 | D:4      | Killed an ogre
  3549 | D:4      | Noticed an ogre
  3554 | D:4      | Killed an ogre
  3555 | D:4      | Reached XP level 7. HP: 50/50 MP: 5/13
  3871 | D:5      | Entered Level 5 of the Dungeon
  3907 | D:5      | Reached skill level 5 in Spellcasting
  3907 | D:5      | Reached skill level 6 in Conjurations
  3957 | D:4      | Slain by a worker ant

Illustrated notes

Levels and vault maps discovered:
D:1:      dpeg_arrival_circle_labyrinth_b, layout_basic
D:2:      layout_basic, general_overflow_altar, grunt_decor_cap
D:3:      layout_basic, old_standard_altar, chequers_serial_rivers_large_a
D:4:      layout_loops_corners, nicolae_overflow_crystal_walls, serial_shops,
          shop, nicolae_qazlal_eye_of_the_storm
D:5:      layout_basic, cheibrodos_sewer_entry_sluice, serial_shops, shop

Skill      XL: |  1  2  3  4  5  6  7 |
---------------+----------------------+-----
Conjurations   | 4 5 6 |  6.0
Fighting       | 1 2 |  2.0
Armour         | 1 2 |  2.0
Spellcasting   | 3 4 5 |  5.2
Dodging        | |  1.7
Stealth        | |  2.4

Action                   |  1- 3 |  4- 6 |  7- 9 || total
-------------------------+-------+-------+-------++-------
Melee: Unarmed           |     4 |       |       ||     4
       Club              |    21 |    10 |       ||    31
       Mace              |       |    22 |       ||    22
       Long sword        |       |    10 |     7 ||    17
 Cast: Magic Dart        |    46 |    34 |     6 ||    86
       Searing Ray       |     7 |    23 |     4 ||    34
 Abil: Dig               |     8 |    13 |     1 ||    22
  Use: Scroll            |       |     5 |     2 ||     7
       Potion            |       |       |     1 ||     1
 Stab: Sleeping          |     2 |       |       ||     2
Armor: Robe              |     9 |    12 |     4 ||    25
Dodge: Dodged            |    33 |    71 |     8 ||   112
       Rpst.: Long sword |       |     5 |     4 ||     9
